cohdb
Replays
Latest Replays
All Replays
Popular Replays
Top Player Replays
Match Explorer
How It Works
Community
CoH3 Stats
Reddit
Sign in to upload your games and track your stats! →
Sign in with Steam
Match 38457462
Unlisted
Match 38457462
Overview
Messages
Build Orders
End
Construct Barracks
Scout Squad
Riflemen Squad
Riflemen Squad
Construct Medical Station
Infantry Support Center
M1 Mortar Team
Selects Advanced Infantry Battlegroup
Selects Convert to Ranger Squad
Advanced Logistics
Convert to Ranger Squad
Survival Training
Selects Frontline Medical Station
Frontline Medical Station
Convert to Ranger Squad
Ranger Squad
Grenade Package
Munitions Surplus
Construct Tank Depot
Selects Ranger Weapon Training
Selects Artillery Observers
M4A1 Sherman Medium Tank
Microsoft Outlook
deadsadbadmad
BaLaRaKo
Gaunter O'Dimm
0
0
Comments
sign in to comment!
No comments posted yet!